 Dungeon Crawl Stone Soup version 0.17-a0-157-g289cc6a (webtiles) character file.

7732 Ngotmuk the Protected (level 11, -4/97 HPs)
             Began as a Minotaur Fighter on Mar 27, 2015.
             Was an Elder of Okawaru.
             Killed by divine providence
             ... invoked by an orc priest
              (13 damage)
             ... on level 10 of the Dungeon.
             The game lasted 00:29:19 (8480 turns).

Ngotmuk the Protected (Minotaur Fighter)            Turns: 8480, Time: 00:29:19

Health: -4/97      AC: 13    Str: 21    XL:     11   Next: 0%
Magic:  4/4        EV: 14    Int:  5    God:    Okawaru [****..]
Gold:   463        SH: 14    Dex: 17    Spells: 0 memorised, 10 levels left

rFire  + . .     SeeInvis .     y - +4 flail (holy)
rCold  . . .     Clarity  +     h - +4 scale mail "Ofantic" {+Inv rF+ Dex+3}
rNeg   . . .     SustAb   .     H - +2 shield
rPois  .         Gourm    .     (helmet restricted)
rElec  .         Spirit   .     (no cloak)
rCorr  .         Warding  .     u - +0 pair of gloves
rMut   .         Stasis   .     k - +0 pair of boots
MR     .....                    (no amulet)
Stlth  ..........               (no ring)
                                K - +3 ring of dexterity

@: drained, not resistant to hostile enchantments, extremely unstealthy
A: retaliatory headbutt, claws 2, horns 2, talons 1, molten scales 1, blink 1,
clarity, deformed body, regeneration 1, weak 1, wild magic 1
a: Blink, Heroism, Renounce Religion, Evoke Invisibility


You were on level 10 of the Dungeon.
You worshipped Okawaru.
Okawaru was greatly pleased with you.
You were not hungry.

You visited 2 branches of the dungeon, and saw 11 of its levels.
You also visited: Sewer.

You collected 463 gold pieces.

Inventory:

Hand weapons
 y - a +4 flail of holy wrath (weapon)
Armour
 h - the +4 scale mail "Ofantic" (worn) {+Inv rF+ Dex+3}
   (You found it on level 4 of the Dungeon)

   It affects your dexterity (+3).
   It protects you from fire.
   It lets you turn invisible.
 k - a +0 pair of boots (worn)
 u - a +0 pair of gloves (worn)
 H - a +2 shield (worn)
Jewellery
 b - an uncursed ring of flight
 q - an uncursed amulet of regeneration
 v - an uncursed ring of protection from fire
 w - an uncursed ring of fire
 F - an uncursed ring of see invisible
 K - a +3 ring of dexterity (left hand)
Magical devices
 c - a wand of confusion (26)
 r - a wand of polymorph (7)
 G - a wand of random effects (17)
 L - a wand of digging (24)
Scrolls
 a - a scroll of fog
 f - 2 scrolls of blinking
 i - 2 scrolls of identify
 j - a scroll of enchant weapon
 l - 3 scrolls of amnesia
 p - 4 scrolls of recharging
 B - 2 scrolls of immolation
 C - a scroll of torment {unknown}
 D - 3 scrolls of fear
 E - 2 scrolls of remove curse
Potions
 e - 2 potions of might
 n - 2 potions of heal wounds
 o - 2 potions of curing
 s - a potion of flight
 t - 2 potions of brilliance
 x - a potion of degeneration {unknown}
 z - 2 potions of invisibility
 A - 2 potions of agility
Comestibles
 d - 4 bread rations
 g - 3 meat rations


   Skills:
 + Level 9.6(9.2) Fighting
 + Level 9.6(9.3) Maces & Flails
 + Level 9.8(9.4) Armour
 + Level 8.3(8.0) Dodging
 + Level 9.8(9.4) Shields


You had 10 spell levels left.
You didn't know any spells.

Dungeon Overview and Level Annotations

Branches:
Dungeon (10/15)            Temple (1/1) D:6            Lair (0/8) D:8
    Orc (0/4) D:10

Altars:
Ashenzari
Cheibriados
Dithmenos
Elyvilon
Fedhas
Gozag
Kikubaaqudgha
Makhleb
Nemelex Xobeh
Okawaru
Qazlal
Ru
Sif Muna
Trog
Vehumet
Xom
Yredelemnul
Zin
The Shining One

Shops:
D:3 *   D:4 [   D:9 [


Innate Abilities, Weirdness & Mutations

You reflexively headbutt those who attack you in melee.
You have a pair of horns on your head.
You have very sharp fingernails.
You have sharp toenails.
You are partially covered in molten scales (AC +1).
You can translocate small distances at will.
You possess an exceptional clarity of mind.
Armour fits poorly on your strangely shaped body.
Your natural rate of healing is unusually fast.
You are weak. (Str -2)
Your spells are a little harder to cast, but a little more powerful.


Message History

The orc priest glows brightly for a moment.
You completely miss the orc.
Your surroundings suddenly seem different.
An orc warrior comes into view. It is wielding a scimitar of draining.
The orc warrior shouts!
An orc priest comes into view. It is wielding a dagger.
The orc priest shouts!
You block the orc priest's attack.
The orc warrior hits you with a scimitar of draining.
* * * LOW HITPOINT WARNING * * *
You feel drained.
* * * LOW HITPOINT WARNING * * *
Found a mace.
The orc priest invokes the aid of Beogh against you.
Something smites you!
* * * LOW HITPOINT WARNING * * *
As you open the door, it creaks loudly!
The orc priest mumbles some strange prayers to Beogh against you.
Something smites you!
You die...

### ## ## ### ##8###8##
8###.# #≈§≈
#.).#...#...#...#
#§≈$.#........o.....oo#
#≈>$.'@oo.o.........oo)
#≈≈$.#.....o.......ooo.
#§≈≈ #...#...#...#.oo#T
### ##8###8## ###8 #Y
### ## # ## ## ##. #..
###..


You could see an orc warrior, 2 orc priests and 2 orcs.

Vanquished Creatures
  Pikel (D:7)
  A gargoyle (D:8)
  A centaur zombie (D:10)
  A two-headed ogre (D:8)
  2 basilisks (D:8)
  A hippogriff (D:9)
  10 yaks
  A wyvern (D:8)
  The ghost of Herrn the Shield-Bearer, an average DsFi (D:3)
  A hungry ghost (D:8)
  Menkaure (D:7)
  2 porcupines (D:8)
  2 ice beasts (D:9)
  2 sky beasts
  An orc warrior (D:8)
  The ghost of Ngotmuk the Covered, an average DDFi (D:4)
  A phantom (D:9)
  2 crocodiles
  An ogre (D:9)
  6 big kobolds
  A gnoll sergeant (D:8)
  4 giant frogs
  5 killer bees (D:8)
  A scorpion (D:10)
  9 wights
  3 hounds
  2 crimson imps
  2 goliath beetles
  A centaur skeleton (D:7)
  5 jellies
  A giant frog skeleton (D:9)
  5 orc priests
  4 iguanas
  8 orc wizards
  A killer bee zombie (D:9)
  7 worker ants
  Robin (D:2)
  2 river rats
  10 adders
  9 gnolls
  2 giant mites
  5 worms
  2 adder skeletons
  6 oozes
  32 orcs
  2 ball pythons
  A bat skeleton (D:7)
  26 goblins
  18 hobgoblins
  9 jackals
  30 kobolds
  2 quokkas
  15 bats
  8 giant cockroaches
  5 giant geckos
  A giant gecko skeleton (D:8)
  5 giant newts
  A jackal skeleton (D:6)
  A quokka zombie (D:4)
  17 rats
  3 ballistomycetes (D:6)
311 creatures vanquished.

Vanquished Creatures (others)
  A sky beast (D:5)
  An orc priest (D:4)
  2 adders (D:4)
  A giant gecko (D:4)
  A goblin (D:4)
  A giant spore (D:6)
  A rat (D:7)
  2 butterflies (D:8)
10 creatures vanquished.

Grand Total: 321 creatures vanquished

Notes
Turn   | Place    | Note
--------------------------------------------------------------
     0 | D:1      | Ngotmuk, the Minotaur Fighter, began the quest for the Orb.
     0 | D:1      | Reached XP level 1. HP: 19/19 MP: 1/1
   210 | D:1      | Reached XP level 2. HP: 27/27 MP: 1/1
   382 | D:1      | Reached skill level 4 in Fighting
   543 | D:1      | Reached XP level 3. HP: 33/33 MP: 2/2
   838 | D:2      | Noticed Robin
   859 | D:2      | Reached skill level 1 in Dodging
   877 | D:2      | Killed Robin
   922 | D:2      | Reached XP level 4. HP: 33/40 MP: 2/2
   965 | D:2      | Found a sparkling altar of Nemelex Xobeh.
  1500 | D:3      | Noticed Herrn's ghost (average DsFi)
  1536 | D:3      | Killed Herrn's ghost
  1536 | D:3      | Reached XP level 5. HP: 20/47 MP: 2/2
  1636 | D:3      | Reached skill level 5 in Armour
  1652 | D:3      | Reached XP level 6. HP: 55/55 MP: 3/3
  1723 | D:3      | Reached skill level 5 in Fighting
  1979 | D:3      | Found Zin's Purification Station.
  1994 | D:3      | Found a glowing silver altar of Zin.
  2203 | D:4      | Reached skill level 5 in Shields
  2252 | D:4      | Found a shimmering altar of Xom.
  2257 | D:4      | Noticed Ngotmuk's ghost (average DDFi)
  2266 | D:4      | Killed Ngotmuk's ghost
  2266 | D:4      | Reached XP level 7. HP: 53/61 MP: 3/3
  2347 | D:4      | Found Imiott's Armour Boutique.
  2428 | D:4      | Found a shadowy altar of Dithmenos.
  2444 | D:4      | Found an ancient bone altar of Kikubaaqudgha.
  2482 | D:4      | Got a twisted scale mail
  2496 | D:4      | Identified the +4 scale mail "Ofantic" {+Inv rF+ Dex+3} (You found it on level 4 of the Dungeon)
  2528 | D:4      | Reached skill level 5 in Maces & Flails
  2842 | D:4      | Found a basalt altar of Yredelemnul.
  2843 | D:4      | Found a bloodstained altar of Trog.
  3078 | D:5      | Entered Level 5 of the Dungeon
  3156 | D:5      | Found a glowing golden altar of the Shining One.
  3462 | D:5      | Found a glowing drain.
  3473 | Sewer    | Entered a sewer
  3861 | Sewer    | Reached skill level 6 in Fighting
  3944 | Sewer    | Reached XP level 8. HP: 70/70 MP: 3/3
  4099 | D:4      | Gained mutation: Your natural rate of healing is unusually fast. [mutagenic meat]
  4296 | D:5      | Reached skill level 5 in Dodging
  4566 | D:6      | Found a sparkling altar of Nemelex Xobeh.
  4633 | D:6      | Found a staircase to the Ecumenical Temple.
  5177 | D:6      | Reached skill level 7 in Armour
  5320 | D:7      | Reached XP level 9. HP: 76/79 MP: 4/4
  5341 | D:7      | Gained mutation: You have sharp fingernails. [mutagenic meat]
  5342 | D:7      | Gained mutation: You are partially covered in molten scales (AC +1). [mutagenic meat]
  5677 | Temple   | Entered the Ecumenical Temple
  5725 | Temple   | Became a worshipper of Warmaster Okawaru
  5770 | D:7      | Noticed Menkaure
  5775 | D:7      | Killed Menkaure
  6113 | D:7      | Noticed Pikel
  6123 | D:7      | Killed Pikel
  6315 | D:8      | Acquired Okawaru's first power
  6316 | D:8      | Reached skill level 8 in Armour
  6361 | D:8      | Reached XP level 10. HP: 87/90 MP: 4/4
  6454 | D:8      | Noticed a gargoyle
  6475 | D:8      | Reached skill level 9 in Armour
  6540 | D:8      | Killed a gargoyle
  6639 | D:8      | Gained mutation: Your spells are a little harder to cast, but a little more powerful. [potion of mutation]
  6639 | D:8      | Gained mutation: You have very sharp fingernails. [potion of mutation]
  6639 | D:8      | Gained mutation: You can translocate small distances at will. [potion of mutation]
  6640 | D:8      | Gained mutation: You are weak. (Str -2) [potion of mutation]
  6641 | D:8      | Gained mutation: You have sharp toenails. [potion of mutation]
  6641 | D:8      | Gained mutation: Armour fits poorly on your strangely shaped body. [potion of mutation]
  6731 | D:8      | Found a staircase to the Lair.
  7361 | D:8      | Gained mutation: You possess an exceptional clarity of mind. [mutagenic meat]
  7853 | D:9      | Found Onakh's Antique Armour Emporium.
  7963 | D:9      | Found a basalt altar of Yredelemnul.
  8386 | D:10     | Entered Level 10 of the Dungeon
  8446 | D:10     | Reached XP level 11. HP: 63/97 MP: 4/4
  8480 | D:10     | Found a staircase to the Orcish Mines.
  8480 | D:10     | Killed from afar by an orc priest

Action                   |  1- 3 |  4- 6 |  7- 9 | 10-12 || total
-------------------------+-------+-------+-------+-------++-------
Melee: Flail             |   110 |   130 |   302 |   153 ||   695
       Morningstar       |       |       |    80 |    77 ||   157
  Use: Scroll            |       |       |     7 |    17 ||    24
       Potion            |       |       |       |     3 ||     3
  Eat: Fruit             |       |     4 |       |       ||     4
       Pizza             |       |     1 |       |     2 ||     3
       Royal jelly       |       |     1 |       |     1 ||     2
       Meat ration       |       |       |     3 |       ||     3
       Chunk             |       |       |     3 |     2 ||     5
       Beef jerky        |       |       |     1 |     1 ||     2
